Map: 16-Bit LE

Players

LiquidTLO (TLO)

  • Race: Zerg Zerg
  • Spawn Location: 1:00

DeMusliM - Winner!

  • Race: Terran Terran
  • Spawn Location: 7:00

Event: WCS Valencia 2018

VOD

Have the link to the VOD?

Description

Time

  • Played on: July 12, 2018, 11:30 a.m.
  • Length: 16:34

All games in this series

Show
View Real Time Build Order
Export as new Build Order

LiquidTLO Zerg 

Build Orders: Hatch First 

Get SALT Encoding   

  12  0:00  Drone  
  13  0:08  Drone  
  14  0:18  Overlord  
  14  0:27  Extractor, Drone  
  15  0:36  Drone  
  15  0:42  Drone  
  17  0:53  Hatchery  
  17  0:57  Drone  
  17  1:00  Drone  
  18  1:07  Extractor  
  17  1:16  Spawning Pool  
  16  1:20  Drone  
  16  1:23  Drone  
  18  1:26  Drone  
  19  1:37  Drone  
  20  1:48  Overlord  
  20  1:58  Drone  
  21  2:04  Queen  
  21  2:05  Drone, Queen  
  26  2:11  Zergling x2  
  26  2:14  Metabolic Boost  
  27  2:17  Drone  
  28  2:29  Drone x2  
  30  2:38  Hatchery  
  30  2:41  Drone  
  31  2:44  Drone  
  31  2:47  Drone  
  32  2:54  Queen  
  32  2:56  Overlord  
  33  2:59  Drone  
  33  3:01  Zergling x2  
  33  3:04  Drone  
  36  3:15  Drone x3  
  36  3:16  Overlord  
  36  3:17  Drone  
  36  3:18  Drone  
  41  3:22  Drone  
  41  3:23  Drone  
  41  3:25  Drone  
  44  3:32  Overlord  
  44  3:36  Zergling x2  
  44  3:39  Overlord  
  45  3:46  Overlord, Drone  
  46  3:49  Zergling x4  
  46  3:51  Drone  
  46  3:52  Drone  
  46  3:54  Queen  
  52  3:56  Drone  
  52  3:57  Drone  
  52  3:58  Zergling x2  
  52  4:02  Drone x2  
  57  4:05  Drone  
  58  4:12  Drone  
  58  4:13  Drone  
  58  4:16  Drone x2  
  63  4:17  Baneling Nest, Drone  
  63  4:22  Spore Crawler, Drone  
  62  4:26  Drone x2  
  62  4:27  Drone x2  
  62  4:28  Drone  
  62  4:29  Overlord, Drone  
  68  4:34  Spore Crawler x2, Drone  
  67  4:38  Drone  
  67  4:40  Drone  
  67  4:42  Extractor  
  67  4:44  Drone  
  69  4:46  Evolution Chamber  
  69  4:47  Evolution Chamber  
  69  4:49  Drone  
  69  4:51  Drone  
  69  4:52  Drone x2  
  71  4:55  Zergling x2  
  71  4:56  Zergling x2  
  73  5:00  Drone  
  73  5:01  Drone  
  73  5:02  Drone  
  73  5:03  Zergling x2  
  73  5:05  Drone x2  
  73  5:06  Zergling x4  
  81  5:08  Drone  
  81  5:12  Hatchery  
  81  5:13  Lair  
  80  5:15  Drone, Roach Warren  
  80  5:16  Baneling, Extractor  
  80  5:18  Extractor  
  80  5:19  Extractor  
  80  5:20  Pneumatized Carapace  
  77  5:23  Zergling x2  
  77  5:25  Extractor, Drone x2  
  77  5:26  Drone  
  77  5:27  Drone x2  
  82  5:28  Drone  
  82  5:30  Overlord  
  82  5:32  Overlord  
  83  5:37  Overlord  
  83  5:39  Drone  
  83  5:41  Drone x2  
  86  5:46  Overlord  
  86  5:47  Spore Crawler  
  86  5:48  Zergling x2  
  86  5:51  Zergling x2  
  86  5:56  Drone  
  87  5:57  Zerg Ground Armor Level 1, Zerg Melee Weapons Level 1  
  87  5:58  Drone  
  87  5:59  Drone x2  
  87  6:01  Drone  
  87  6:02  Drone  
  92  6:09  Zergling x2  
  92  6:10  Baneling x3  
  92  6:11  Glial Reconstitution  
  93  6:12  Roach  
  93  6:14  Drone  
  93  6:15  Overlord  
  93  6:17  Hydralisk Den, Roach x3  
  101  6:23  Roach  
  101  6:24  Drone x3  
  101  6:25  Roach  
  106  6:27  Roach  
  106  6:28  Drone x2  
  110  6:37  Drone x2  
  110  6:38  Overlord  
  112  6:41  Zergling x2  
  112  6:43  Roach x3  
  112  6:46  Roach x2  
  120  6:48  Zergling x4  
  120  6:56  Zergling x2  
  120  6:58  Drone  
  120  6:59  Overlord, Extractor, Infestation Pit, Zergling x2  
  120  7:00  Extractor, Zergling x2  
  121  7:02  Roach  
  121  7:03  Roach  
  121  7:06  Roach x2  
  121  7:07  Roach  
  121  7:08  Roach  
  131  7:09  Drone, Roach  
  131  7:10  Drone x2  
  131  7:11  Drone  
  131  7:12  Roach  
  137  7:19  Roach  
  137  7:20  Drone  
  138  7:23  Roach  
  138  7:25  Roach  
  138  7:26  Hydralisk Den  
  138  7:34  Ravager x2  
  138  7:35  Ravager x2  
  138  7:36  Overlord  
  141  7:38  Zergling x2  
  141  7:39  Zergling x10  
  141  7:41  Ravager x2  
  141  7:44  Drone, Grooved Spines  
  150  7:46  Spore Crawler  
  150  7:48  Overlord, Spine Crawler  
  150  7:49  Spine Crawler  
  146  7:51  Overlord  
  146  7:57  Hatchery  
  139  7:59  Roach  
  139  8:00  Roach  
  139  8:01  Zerg Ground Armor Level 2  
  139  8:02  Zerg Missile Weapons Level 1  
  139  8:03  Hive  
  139  8:04  Drone x2  
  142  8:06  Hydralisk  
  142  8:10  Hydralisk  
  142  8:11  Drone  
  147  8:13  Hydralisk x2  
  147  8:16  Drone  
  147  8:17  Drone x2  
  154  8:21  Hydralisk x2  
  154  8:22  Hydralisk x2  
  154  8:25  Hydralisk  
  164  8:28  Zergling x2, Drone  
  164  8:29  Overlord, Drone  
  167  8:37  Overlord x2  
  167  8:38  Overlord  
  167  8:39  Overlord  
  167  8:41  Overlord  
  167  8:42  Overlord  
  167  8:43  Overlord  
  167  8:45  Overlord  
  162  8:50  Overlord  
  162  8:55  Hydralisk x3  
  159  8:56  Overlord  
  159  8:57  Overlord  
  159  8:58  Overlord  
  159  9:00  Hydralisk  
  167  9:03  Hydralisk  
  167  9:06  Evolution Chamber  
  167  9:07  Evolution Chamber  
  167  9:14  Overlord  
  167  9:17  Hydralisk x4  
  167  9:21  Viper x3  
  182  9:29  Hydralisk x2  
  186  9:33  Spore Crawler  
  185  9:41  Viper  
  185  9:45  Hydralisk x4  
  190  9:46  Hydralisk  
  190  9:49  Roach  
  200  9:56  Roach  
  196  10:01  Roach x2  
  196  10:06  Roach  
  191  10:07  Roach  
  191  10:17  Spore Crawler  
  191  10:18  Overlord, Spire  
  191  10:19  Overlord  
  191  10:20  Overlord  
  189  10:22  Roach  
  189  10:24  Roach  
  189  10:25  Roach x2  
  189  10:26  Roach x2  
  197  10:58  Ravager  
  197  10:59  Ravager x2  
  174  11:33  Greater Spire  
  174  11:34  Roach x2  
  174  11:36  Queen x2  
  174  11:38  Roach  
  174  11:39  Roach x5  
  171  11:40  Roach x2  
  171  11:43  Corruptor  
  171  11:44  Corruptor x4  
  171  11:46  Queen  
  171  11:47  Queen x2  
  158  11:49  Roach x2  
  158  11:50  Roach  
  158  11:52  Drone x2  
  158  11:53  Drone  
  168  11:54  Overlord  
  168  11:55  Extractor x2  
  168  11:58  Zergling x12  
  170  12:07  Overlord x4  
  170  12:09  Overlord  
  170  12:12  Zerg Melee Weapons Level 2, Queen x2  
  168  12:21  Overlord x2  
  168  12:22  Queen x3  
  174  12:31  Drone  
  174  12:35  Corruptor x3  
  177  12:44  Corruptor  
  179  12:54  Corruptor x2  
  179  12:56  Brood Lord  
  179  12:57  Brood Lord x4  
  193  13:08  Hydralisk x3  
  199  13:16  Unknown  
  199  13:17  Unknown x3, Hydralisk x2  
  199  13:18  Hydralisk x3  
  200  13:22  Hydralisk  
  200  13:28  Hydralisk  
  200  13:32  Roach  
  200  13:38  Roach  
  192  13:41  Roach  
  192  13:42  Roach  
  192  13:43  Roach x2  
  192  13:44  Roach x3  
  192  13:46  Roach  
  192  13:48  Corruptor x2  
  199  14:01  Ravager  
  192  14:21  Hydralisk x2  
  178  14:31  Hatchery, Hydralisk x2  
  150  14:32  Hydralisk x16  
  150  14:33  Roach  
  150  14:34  Roach  
  150  14:36  Queen, Roach  
  163  14:49  Roach  
  163  14:52  Hatchery  
  166  14:53  Roach x4  
  166  14:54  Roach  
  166  14:57  Roach x2  
  166  14:59  Roach  
  182  15:00  Roach  
  182  15:03  Hatchery  
  182  15:05  Roach  
  182  15:07  Roach  
  176  15:13  Roach x6  
  151  15:15  Roach x3  
  151  15:16  Roach x2  
  151  15:18  Queen x2, Roach x2  
  151  15:19  Roach  
  151  15:20  Roach x8  
  161  15:22  Roach  
  161  15:26  Ravager  
  161  15:28  Roach  
  158  15:29  Queen, Roach  
  158  15:30  Roach  
  158  15:31  Roach  
Show
View Real Time Build Order
Export as new Build Order

DeMusliM Terran - Winner!

Build Orders: Command Center First (CC), Mech 

Get SALT Encoding   

  12  0:00  SCV  
  13  0:13  SCV  
  14  0:18  Supply Depot  
  14  0:25  SCV  
  15  0:39  SCV  
  16  0:51  SCV  
  17  1:01  Command Center  
  17  1:11  Barracks  
  17  1:15  SCV  
  18  1:22  Refinery  
  18  1:27  SCV  
  18  1:29  Refinery  
  19  1:39  SCV  
  20  1:51  SCV  
  21  2:01  Reaper  
  22  2:03  Orbital Command  
  22  2:12  Orbital Command  
  22  2:18  Factory  
  22  2:25  Supply Depot  
  22  2:30  SCV  
  22  2:33  Barracks Reactor  
  23  2:38  SCV  
  23  2:42  SCV  
  25  2:50  SCV  
  26  2:54  SCV  
  27  3:02  SCV  
  27  3:04  Starport  
  28  3:06  SCV  
  29  3:14  SCV  
  29  3:18  SCV  
  31  3:20  Barracks Tech Lab, Hellion x2  
  31  3:26  SCV  
  36  3:30  SCV  
  37  3:34  Command Center  
  37  3:41  SCV  
  38  3:42  SCV  
  38  3:43  Hellion  
  38  3:47  Raven  
  45  3:53  SCV  
  46  3:56  Supply Depot  
  46  3:58  SCV  
  46  4:00  Refinery  
  46  4:02  Refinery  
  45  4:05  SCV  
  46  4:18  SCV x2  
  46  4:19  Armory  
  46  4:22  Armory  
  46  4:23  Supply Depot  
  47  4:24  Barracks Reactor  
  47  4:30  SCV x2  
  49  4:31  Viking  
  49  4:34  Hellion  
  53  4:42  SCV  
  53  4:45  SCV, Hellion  
  57  4:48  Factory  
  57  4:52  Orbital Command  
  57  4:53  Factory  
  57  4:59  Cyclone  
  60  5:02  SCV x2  
  62  5:13  Barracks Tech Lab  
  62  5:14  SCV x2  
  63  5:15  Hellion  
  67  5:25  Terran Vehicle And Ship Armor Level 1, Terran Vehicle Weapons Level 1  
  67  5:27  Orbital Command  
  66  5:31  Hellion  
  66  5:32  SCV x2  
  70  5:36  Supply Depot x2  
  70  5:44  SCV x2  
  70  5:45  Supply Depot x2  
  72  5:53  SCV  
  72  5:56  SCV  
  74  5:57  Thor  
  74  5:58  Thor  
  74  6:02  Medivac  
  89  6:04  SCV  
  89  6:05  Refinery x2, SCV  
  89  6:09  Supply Depot  
  89  6:10  SCV  
  91  6:16  SCV  
  91  6:18  SCV  
  93  6:22  SCV  
  93  6:23  Medivac, Hellion x2  
  100  6:28  SCV  
  100  6:30  SCV  
  100  6:32  Engineering Bay, Supply Depot  
  102  6:34  SCV  
  103  6:40  SCV  
  103  6:42  SCV  
  105  6:52  SCV  
  107  6:54  Siege Tank x2, Hellion  
  107  6:55  SCV x2, Hellion  
  107  6:59  Factory x2  
  116  7:01  Command Center  
  115  7:14  SCV x2  
  111  7:17  Supply Depot  
  111  7:18  Hellion x2  
  111  7:20  Supply Depot  
  113  7:34  SCV x2  
  113  7:36  SCV  
  116  7:46  SCV x2  
  116  7:48  SCV  
  119  7:51  Siege Tank  
  119  7:52  Siege Tank, Terran Vehicle Weapons Level 2, Terran Vehicle And Ship Armor Level 2  
  119  7:54  Factory Reactor, Factory Tech Lab  
  119  7:55  Supply Depot  
  121  7:58  Supply Depot, SCV  
  121  7:59  SCV  
  121  8:00  SCV  
  119  8:10  SCV  
  119  8:11  SCV, Hellion x3  
  123  8:13  Siege Tank, Cyclone x2, SCV  
  123  8:17  SCV  
  130  8:23  SCV  
  131  8:28  Siege Tank x2  
  137  8:39  SCV  
  137  8:40  Hellion x2  
  137  8:41  SCV x2  
  140  8:43  Infernal Pre-Igniter  
  140  8:46  Siege Tank  
  138  8:49  Hellion  
  138  8:50  Hellion  
  142  9:00  Siege Tank  
  142  9:01  Hellion  
  147  9:13  Hellion x4  
  155  9:17  Supply Depot  
  155  9:18  Siege Tank, Supply Depot  
  155  9:22  Hellion  
  160  9:31  Supply Depot  
  160  9:32  Siege Tank, Supply Depot x2  
  160  9:34  Viking x2  
  167  9:45  Siege Tank, Hellion x3  
  178  9:46  Hellion  
  178  9:50  Siege Tank  
  179  10:04  Siege Tank  
  179  10:06  Hellion  
  176  10:08  Hellion x2  
  180  10:14  Terran Vehicle Weapons Level 3  
  180  10:17  Siege Tank  
  183  10:22  Siege Tank  
  183  10:27  Viking x2  
  190  10:29  Hellion  
  192  10:37  Siege Tank  
  192  10:38  Hellion  
  197  10:46  Missile Turret  
  197  10:47  Missile Turret  
  197  10:48  Missile Turret  
  197  10:49  Siege Tank  
  200  10:54  Refinery  
  200  10:56  Refinery  
  200  11:02  Terran Vehicle And Ship Armor Level 3  
  200  11:09  Factory  
  200  11:11  Factory  
  200  11:25  Planetary Fortress  
  184  11:27  Siege Tank x2, Hellion  
  184  11:28  Hellion  
  182  11:34  Siege Tank  
  182  11:35  Hellion x2  
  161  11:42  SCV x3  
  147  11:49  Hellion x2  
  152  11:54  Refinery, SCV x3  
  152  11:59  Siege Tank  
  156  12:02  SCV  
  156  12:06  SCV x3  
  157  12:09  Viking x2  
  157  12:14  SCV  
  161  12:27  Hellion  
  161  12:29  SCV  
  167  12:31  Siege Tank  
  167  12:32  Hellion  
  167  12:36  Factory Tech Lab x2  
  175  12:39  SCV  
  175  12:40  SCV x2  
  178  12:45  Hellion x2  
  178  12:47  Thor  
  178  12:48  Thor  
  188  12:53  Viking  
  188  12:54  Viking  
  188  12:55  Terran Ship Weapons Level 1  
  192  13:00  Command Center  
  192  13:11  Thor  
  192  13:20  Thor  
  192  13:23  Viking  
  192  13:24  Viking  
  198  13:32  Thor  
  197  13:35  Missile Turret  
  189  13:45  Thor  
  193  13:53  Viking x2  
  193  14:02  Thor  
  192  14:21  Thor  
  192  14:23  Viking x2  
  175  14:35  Thor  
  181  14:53  Viking  
  181  14:54  Viking  
  181  14:59  Siege Tank  
  190  15:00  Hellion  
  190  15:10  Siege Tank  
  190  15:11  Hellion  
  190  15:13  Siege Tank  
  177  15:23  Siege Tank  
  180  15:29  Viking  
Tags
 
Add a new tag
Caveats
  • Supply blocks, unpowered buildings, or Contaminate may cause inaccurate times.
  • Supply counts are checked every 10 seconds.